Map: Romanticide LE

Players

Solar

  • Race: Zerg Zerg

LiquidClem (Clem) - Winner!

  • Race: Terran Terran

Event: ASUS ROG Fall 2021

VOD

Have the link to the VOD?

Description

Time

  • Played on: Sept. 17, 2021, 11:46 a.m.
  • Length: 19:36

All games in this series

Show
View Real Time Build Order
Export as new Build Order

Solar Zerg 

Build Orders: Hatch First, Lurkers 

Get SALT Encoding   

  12  0:00  Drone  
  13  0:12  Overlord  
  13  0:17  Drone  
  14  0:31  Drone x2  
  16  0:47  Hatchery  
  15  0:51  Drone  
  15  0:53  Drone  
  17  0:57  Drone  
  18  1:08  Extractor  
  17  1:13  Spawning Pool  
  17  1:16  Drone  
  17  1:19  Drone  
  18  1:28  Drone  
  19  1:39  Drone  
  20  1:49  Drone  
  21  2:00  Queen x2, Zergling x4  
  27  2:12  Overlord  
  27  2:13  Drone  
  28  2:22  Hatchery  
  28  2:23  Drone  
  28  2:31  Drone  
  28  2:35  Queen  
  31  2:41  Metabolic Boost  
  31  2:43  Drone  
  32  2:47  Overlord  
  32  2:49  Drone  
  33  2:53  Drone  
  33  2:56  Drone  
  33  2:57  Drone  
  36  3:08  Drone x5  
  41  3:15  Queen  
  41  3:18  Overlord  
  43  3:25  Drone  
  44  3:27  Overlord  
  44  3:34  Queen  
  44  3:36  Drone  
  44  3:37  Queen  
  44  3:40  Overlord  
  49  3:42  Drone  
  49  3:45  Zergling x2  
  49  3:46  Zergling x2  
  52  3:51  Drone x4  
  56  3:57  Drone x3  
  56  4:01  Drone  
  60  4:06  Zergling x2  
  60  4:07  Overlord  
  60  4:09  Drone  
  62  4:12  Drone  
  62  4:15  Overlord  
  62  4:16  Drone  
  64  4:17  Drone  
  64  4:20  Drone  
  64  4:22  Baneling Nest  
  65  4:24  Drone  
  65  4:27  Evolution Chamber  
  65  4:28  Extractor  
  65  4:29  Drone x3  
  65  4:31  Extractor  
  66  4:34  Zergling x2  
  66  4:35  Drone x2  
  69  4:39  Drone  
  69  4:40  Lair, Drone  
  69  4:41  Drone  
  69  4:44  Drone x3  
  75  4:48  Queen  
  75  4:49  Drone x2, Overlord  
  75  4:52  Drone  
  80  4:54  Drone  
  80  4:55  Zergling x2  
  82  5:05  Overlord  
  82  5:07  Drone x2  
  82  5:10  Extractor x2  
  82  5:12  Zerg Ground Armor Level 1  
  82  5:15  Drone  
  82  5:16  Overlord  
  82  5:17  Drone  
  82  5:20  Zergling x10  
  82  5:21  Hatchery  
  88  5:25  Overlord  
  88  5:27  Zergling x8  
  92  5:32  Zergling x2  
  91  5:42  Queen x2  
  88  5:44  Zergling x6  
  88  5:45  Queen  
  88  5:49  Zergling x8  
  89  5:54  Zergling x4  
  84  6:00  Drone  
  84  6:03  Drone  
  75  6:04  Drone  
  67  6:11  Drone  
  67  6:12  Drone  
  67  6:13  Drone, Centrifical Hooks  
  67  6:17  Queen  
  74  6:20  Drone  
  74  6:24  Drone x2  
  77  6:31  Baneling x4  
  75  6:34  Queen, Drone x4  
  81  6:42  Spore Crawler  
  81  6:43  Zergling x2, Overseer, Pneumatized Carapace  
  81  6:44  Zergling x6  
  78  6:54  Drone x2  
  78  6:55  Drone x6  
  86  7:04  Drone x2  
  86  7:05  Drone  
  86  7:06  Baneling x2  
  86  7:07  Spore Crawler, Baneling x3, Drone  
  89  7:08  Zerg Melee Weapons Level 1  
  89  7:09  Drone  
  89  7:13  Queen, Spore Crawler  
  89  7:14  Zergling x2  
  92  7:17  Zergling x4  
  92  7:18  Evolution Chamber  
  92  7:22  Baneling x4  
  93  7:23  Zergling x4  
  93  7:29  Queen  
  95  7:30  Overlord  
  95  7:31  Zergling x22  
  108  7:38  Drone  
  108  7:43  Drone x5  
  109  7:46  Zergling x2, Baneling  
  109  7:47  Baneling  
  109  7:48  Zerg Ground Armor Level 2  
  109  7:50  Baneling x4  
  109  7:51  Baneling  
  110  7:52  Zergling x2  
  110  7:54  Overlord  
  110  7:57  Zergling x4  
  109  8:02  Zergling x2  
  109  8:03  Zergling x6  
  109  8:06  Overlord  
  109  8:07  Baneling x3  
  109  8:08  Baneling x3  
  109  8:09  Zergling x4  
  108  8:12  Hatchery  
  108  8:15  Zergling x6  
  108  8:16  Overseer  
  108  8:19  Drone  
  111  8:20  Drone  
  111  8:24  Zergling x10  
  110  8:29  Zergling x2  
  110  8:30  Zergling x10  
  118  8:34  Hydralisk Den  
  118  8:35  Queen, Infestation Pit  
  118  8:36  Extractor, Zergling x6  
  118  8:40  Zergling x2  
  117  8:42  Baneling x9  
  117  8:45  Zergling x2  
  115  8:49  Zergling x6  
  115  8:51  Drone  
  115  8:52  Zergling x4  
  121  8:57  Drone x2  
  121  8:58  Drone  
  121  8:59  Zergling x2, Baneling x2  
  121  9:00  Zergling x6  
  121  9:01  Overlord x2  
  128  9:05  Overlord  
  128  9:13  Overlord  
  128  9:16  Zergling x2  
  127  9:19  Zergling x4  
  127  9:20  Zergling x4  
  127  9:23  Hive  
  126  9:26  Overseer  
  126  9:28  Zergling x8  
  126  9:29  Zergling x8  
  132  9:31  Zergling x2  
  132  9:32  Zergling x2  
  132  9:35  Drone  
  132  9:36  Drone  
  135  9:39  Muscular Augments, Hydralisk x4  
  135  9:41  Lurker Den  
  135  9:42  Baneling x6  
  135  9:43  Baneling x6  
  135  9:44  Zergling x4  
  142  9:48  Zergling x4  
  142  9:52  Hydralisk x2  
  148  9:54  Overseer  
  148  9:57  Baneling x2, Zerg Melee Weapons Level 2  
  148  9:59  Zergling x6  
  151  10:05  Zergling x6  
  151  10:09  Hydralisk x3  
  151  10:10  Zergling x6  
  151  10:11  Zergling x16  
  158  10:17  Zergling x6  
  158  10:19  Drone  
  145  10:22  Zergling x2  
  145  10:24  Extractor  
  144  10:28  Drone  
  144  10:29  Drone x2, Overlord  
  144  10:32  Baneling x3  
  144  10:33  Baneling x2  
  144  10:34  Zergling x2  
  148  10:38  Zergling x12  
  148  10:39  Viper x2  
  148  10:41  Zergling x16  
  165  10:45  Drone  
  164  10:50  Zergling x4, Grooved Spines  
  164  10:54  Zergling x4  
  164  10:55  Spore Crawler  
  163  10:59  Drone x3  
  159  11:05  Baneling x2  
  159  11:06  Zergling x14  
  159  11:08  Adaptive Talons  
  159  11:09  Zergling x12  
  159  11:10  Zergling x2  
  173  11:13  Zergling x2  
  173  11:14  Zergling x4  
  173  11:15  Overlord x2  
  173  11:17  Baneling  
  173  11:18  Baneling x4  
  173  11:19  Baneling x10  
  173  11:22  Drone  
  173  11:23  Drone  
  173  11:24  Drone  
  173  11:25  Extractor  
  169  11:29  Zergling x2  
  156  11:38  Zergling x32  
  159  11:44  Lurker x4  
  161  11:47  Drone x3  
  161  11:49  Hydralisk x2  
  165  11:56  Zergling x2  
  165  11:57  Zergling x2, Baneling x2  
  165  11:58  Baneling x7  
  165  12:01  Zergling x6  
  170  12:05  Overlord  
  170  12:06  Seismic Spines  
  170  12:08  Hydralisk x2  
  164  12:12  Zergling x10  
  173  12:19  Zergling x6  
  171  12:24  Hydralisk x4  
  171  12:28  Baneling x6, Overseer  
  174  12:31  Hydralisk x2  
  174  12:32  Zergling x8  
  174  12:33  Overlord  
  180  12:37  Baneling x7  
  180  12:41  Zergling x2  
  180  12:42  Zergling x2  
  182  12:46  Zerg Missile Weapons Level 1  
  182  12:49  Overlord  
  179  12:51  Overlord  
  179  12:54  Extractor  
  179  12:55  Zergling x16  
  180  13:02  Lurker x4  
  180  13:04  Zergling x10  
  189  13:12  Zergling x16, Zerg Melee Weapons Level 3  
  192  13:16  Zergling x6  
  191  13:20  Zergling x4  
  191  13:26  Zergling x6  
  185  13:30  Overseer  
  185  13:31  Baneling x4  
  185  13:32  Baneling, Hydralisk x2  
  188  13:37  Zergling x6  
  188  13:40  Zergling x2  
  178  13:42  Hydralisk  
  178  13:48  Hydralisk x3  
  180  13:52  Hydralisk x2  
  180  13:55  Overlord  
  186  13:56  Lurker x3  
  186  13:57  Zergling x4  
  186  14:02  Overlord  
  182  14:10  Viper  
  182  14:11  Zergling x14  
  187  14:22  Zergling x10  
  187  14:23  Hatchery  
  189  14:26  Zergling x2  
  189  14:31  Zergling x4  
  190  14:35  Zergling x6  
  193  14:39  Hydralisk x2  
  189  14:45  Zergling x4  
  189  14:51  Zergling x6  
  192  14:53  Zerg Missile Weapons Level 2  
  192  14:55  Lurker x3  
  192  14:56  Zergling x4  
  192  14:59  Hatchery  
  196  15:00  Zergling x4  
  196  15:02  Overlord  
  198  15:08  Overlord  
  198  15:10  Zergling x4  
  196  15:18  Zergling x2  
  196  15:19  Zergling x14  
  188  15:23  Zergling x12  
  182  15:29  Zergling x14  
  187  15:38  Zergling x2  
  187  15:39  Zergling x6  
  173  15:45  Hatchery, Hydralisk x2  
  173  15:49  Zerg Ground Armor Level 3  
  150  15:50  Hydralisk x4  
  150  15:53  Overseer  
  140  15:58  Hydralisk x3  
  140  15:59  Baneling x4, Hydralisk  
  140  16:00  Baneling x2  
  140  16:03  Drone x2  
  151  16:04  Zergling x10  
  151  16:06  Drone  
  151  16:09  Zergling x14  
  163  16:12  Overseer, Lurker x2  
  163  16:13  Zergling x8  
  166  16:25  Hydralisk x3  
  164  16:26  Zergling x14  
  176  16:36  Lurker x8  
  176  16:37  Baneling x6, Hydralisk  
  176  16:38  Hatchery  
  186  16:40  Zergling x4  
  186  16:46  Zergling x2  
  186  16:47  Zergling x10  
  189  16:49  Zergling x4  
  188  16:54  Zergling x8  
  188  16:58  Zergling x8  
  193  17:02  Overseer  
  193  17:03  Zergling x10  
  193  17:04  Zergling x2  
  193  17:07  Lurker  
  193  17:08  Lurker x2  
  176  17:10  Drone  
  176  17:11  Drone  
  176  17:12  Drone  
  176  17:13  Drone  
  174  17:16  Drone  
  174  17:18  Drone x2  
  174  17:20  Drone  
  174  17:22  Drone x2  
  161  17:25  Drone x2  
  161  17:27  Drone  
  161  17:28  Drone  
  161  17:29  Drone  
  166  17:31  Drone  
  166  17:35  Viper x2  
  163  17:38  Viper  
  163  17:40  Drone  
  167  17:47  Hydralisk x2  
  167  17:48  Zergling x4  
  173  17:51  Zergling x2  
  173  17:52  Zergling x2  
  173  17:54  Drone  
  173  17:58  Zergling x6  
  161  18:08  Zergling x14  
  161  18:10  Zergling x4  
  161  18:12  Overseer x2  
  153  18:15  Baneling x5  
  153  18:16  Zergling x2  
  153  18:18  Zergling x4  
  156  18:21  Baneling x2  
  156  18:25  Zergling x10  
  158  18:32  Hydralisk x3  
  154  18:37  Lurker x3  
  156  18:46  Hydralisk x3  
  135  18:57  Hydralisk x3  
  135  18:59  Baneling x3  
  135  19:00  Lurker  
  135  19:01  Lurker  
  136  19:04  Hydralisk x3  
  136  19:06  Zergling x6  
  136  19:07  Zergling x2  
  136  19:09  Zergling x2  
  133  19:11  Zergling x2  
  133  19:12  Zergling x2  
  133  19:15  Zergling x4  
  129  19:27  Lurker x2  
  129  19:28  Lurker  
Show
View Real Time Build Order
Export as new Build Order

LiquidClem Terran - Winner!

Build Orders: Reaper Expand 

Get SALT Encoding   

  12  0:00  SCV  
  13  0:12  SCV  
  14  0:17  Supply Depot  
  14  0:24  SCV  
  15  0:39  SCV  
  15  0:41  Barracks  
  16  0:44  Refinery  
  16  0:51  SCV  
  17  1:03  SCV  
  18  1:15  SCV  
  19  1:28  Reaper, Orbital Command  
  20  1:38  Command Center  
  20  1:46  Supply Depot  
  20  1:54  SCV  
  20  2:00  Marine  
  22  2:06  SCV  
  23  2:09  Factory  
  23  2:18  SCV  
  24  2:22  Barracks Reactor  
  24  2:30  SCV  
  25  2:37  Command Center  
  25  2:42  SCV  
  25  2:51  Orbital Command  
  26  2:55  SCV  
  27  3:00  Barracks  
  27  3:06  Barracks Tech Lab  
  27  3:07  SCV  
  27  3:08  Hellion  
  27  3:12  Hellion  
  32  3:16  SCV  
  33  3:21  Refinery, SCV  
  33  3:26  Marine  
  35  3:28  SCV  
  35  3:30  Stimpack  
  37  3:34  SCV  
  37  3:40  SCV  
  38  3:43  Marine  
  38  3:46  SCV  
  38  3:48  Starport  
  40  3:50  Orbital Command  
  40  3:52  SCV  
  40  3:54  Marine x2, Factory Reactor  
  43  4:00  SCV  
  43  4:01  Marine  
  45  4:05  SCV  
  45  4:06  Supply Depot  
  46  4:11  Marine  
  46  4:12  Marine  
  46  4:13  SCV  
  46  4:17  SCV x2  
  51  4:19  Marine  
  52  4:25  SCV  
  52  4:29  Marine x2, SCV  
  52  4:31  Supply Depot  
  57  4:32  Hellion x2  
  57  4:33  Medivac  
  57  4:35  Orbital Command, Armory  
  57  4:37  Marine, SCV  
  64  4:45  SCV  
  64  4:47  Marine x2, Barracks  
  64  4:50  Refinery  
  64  4:51  SCV  
  68  4:54  Supply Depot  
  68  4:55  Marine  
  68  4:56  Hellion  
  68  4:58  Hellion  
  73  5:03  Medivac  
  73  5:05  Marine  
  73  5:06  SCV  
  77  5:07  Supply Depot  
  77  5:14  Refinery  
  77  5:16  SCV x2  
  77  5:17  Marine, Supply Depot  
  77  5:19  Marine  
  77  5:21  Widow Mine x2  
  85  5:25  Supply Depot  
  85  5:28  Marine, SCV x2  
  88  5:39  Marine x2  
  88  5:40  Starport Reactor  
  88  5:41  Barracks Reactor  
  88  5:42  SCV x2, Widow Mine  
  88  5:46  SCV  
  88  5:47  Engineering Bay  
  88  5:48  Marine, Engineering Bay  
  90  5:54  SCV x2  
  90  5:55  Widow Mine  
  90  5:57  Marine x2, Supply Depot  
  90  5:59  SCV  
  90  6:06  Marine, SCV x2, Widow Mine  
  82  6:12  SCV  
  82  6:14  Marine x2  
  82  6:15  Terran Infantry Weapons Level 1  
  82  6:18  Terran Infantry Armor Level 1, SCV x2  
  82  6:19  Marine x2  
  82  6:24  Marine  
  86  6:26  Medivac x2  
  86  6:29  SCV, Combat Shield  
  86  6:31  SCV  
  86  6:32  Marine x2  
  92  6:33  SCV  
  92  6:36  Marine  
  92  6:38  Supply Depot  
  96  6:41  SCV  
  96  6:42  Supply Depot  
  96  6:43  SCV  
  96  6:44  Marine x2  
  96  6:45  SCV  
  101  6:47  Supply Depot  
  101  6:50  Marine x2  
  101  6:51  Widow Mine x2  
  101  6:53  SCV  
  106  6:55  Marine, SCV  
  106  7:00  Barracks x2  
  104  7:02  Marine  
  104  7:04  Marine  
  104  7:06  Refinery  
  104  7:07  Factory  
  104  7:08  Marine x2  
  107  7:09  Medivac x2  
  107  7:13  Marine  
  113  7:18  Command Center  
  113  7:20  Marine  
  114  7:23  Marine  
  114  7:25  Supply Depot  
  114  7:26  Marine x2  
  114  7:27  Supply Depot, Widow Mine  
  114  7:28  Widow Mine  
  121  7:31  Marine  
  121  7:37  Marine  
  121  7:41  Marine  
  121  7:43  Marine  
  119  7:44  Marine  
  119  7:45  Medivac x2  
  119  7:48  Barracks Reactor x2, Supply Depot, Widow Mine  
  119  7:49  Marine  
  127  7:54  Widow Mine  
  127  7:55  Marine  
  126  7:59  Marine  
  126  8:01  Marine  
  126  8:02  Marine  
  130  8:06  Refinery, Marine, Factory Tech Lab  
  129  8:13  Marine  
  129  8:15  Widow Mine, Medivac x2  
  129  8:16  Terran Infantry Armor Level 2, Terran Infantry Weapons Level 2, Widow Mine  
  129  8:17  Marine  
  129  8:19  Marine x2  
  128  8:24  Marine x2  
  128  8:25  Marine x3  
  128  8:27  Drilling Claws  
  129  8:31  Marine  
  128  8:35  Marine, Widow Mine  
  128  8:37  Marine x2, SCV  
  129  8:42  Marine x3, Widow Mine x2  
  129  8:43  Marine x2  
  129  8:45  Medivac  
  125  8:49  Marine  
  125  8:52  Marine  
  125  8:53  SCV x2  
  125  8:54  SCV  
  125  8:55  Marine x2  
  131  8:57  Widow Mine, Planetary Fortress  
  131  9:00  Marine x3  
  137  9:03  Widow Mine x2  
  137  9:08  SCV  
  142  9:10  Supply Depot x2  
  142  9:11  Liberator  
  142  9:14  Marine  
  142  9:16  Marine  
  142  9:18  SCV x2, Widow Mine  
  142  9:21  Marine x2, SCV  
  147  9:25  Marine x2, Widow Mine x2  
  147  9:28  Marine x3  
  147  9:30  SCV  
  155  9:32  Marine  
  155  9:34  Marine  
  157  9:38  SCV x2  
  157  9:39  Marine x2, Widow Mine  
  157  9:40  Terran Vehicle And Ship Armor Level 1  
  157  9:43  Marine x2  
  163  9:46  Marine x2, Widow Mine  
  163  9:47  Liberator  
  163  9:49  Marine  
  171  9:56  SCV  
  171  9:57  Widow Mine  
  174  10:01  Widow Mine  
  174  10:05  Marine  
  174  10:07  Marine, Widow Mine  
  174  10:09  Liberator  
  174  10:10  Marine  
  174  10:11  Marine  
  174  10:16  Marine  
  174  10:17  Marine  
  174  10:18  Widow Mine  
  174  10:19  Marine x3  
  158  10:22  Widow Mine  
  158  10:23  Marine  
  158  10:25  Marine, Barracks x2  
  158  10:27  Barracks  
  158  10:28  Marine  
  161  10:29  Widow Mine  
  161  10:30  Command Center  
  161  10:33  SCV  
  161  10:35  Marine x3  
  165  10:37  Marine x2  
  165  10:39  Widow Mine  
  165  10:41  Marine x2  
  173  10:43  Marine  
  173  10:46  Marine, Widow Mine  
  173  10:50  Widow Mine  
  173  10:53  Marine x3  
  173  10:54  Marine  
  173  10:55  Marine  
  177  10:59  Marine  
  177  11:00  Marauder  
  177  11:01  Widow Mine  
  177  11:02  Liberator  
  178  11:04  Terran Infantry Weapons Level 3  
  178  11:08  Marine x2  
  175  11:13  Ghost Academy  
  175  11:15  Refinery  
  171  11:18  Barracks Tech Lab  
  171  11:19  Marine, Barracks Tech Lab x2  
  171  11:21  Marine, Widow Mine  
  171  11:22  Marine x2  
  171  11:24  Siege Tank  
  179  11:29  Widow Mine  
  179  11:30  Marauder  
  177  11:33  Marine  
  177  11:34  Marine x2  
  177  11:38  Supply Depot  
  177  11:39  Refinery  
  176  11:42  Widow Mine  
  176  11:46  Supply Depot  
  175  11:49  Marauder  
  175  11:50  Supply Depot, Marauder  
  175  11:51  Supply Depot, Marauder x2  
  183  11:56  Siege Tank  
  183  12:06  Command Center  
  183  12:07  Marine  
  183  12:08  Marine  
  185  12:10  Marauder  
  185  12:12  Widow Mine  
  185  12:13  Widow Mine  
  185  12:14  Terran Infantry Armor Level 3  
  185  12:20  Marauder  
  183  12:25  Marauder  
  183  12:28  Siege Tank, Marauder  
  185  12:32  Command Center  
  185  12:33  Ghost  
  185  12:36  Widow Mine  
  189  12:40  Ghost  
  189  12:45  SCV, Ghost  
  189  12:49  Supply Depot  
  189  12:50  Ghost  
  189  12:51  Sensor Tower  
  194  12:55  SCV  
  189  12:59  Personal Cloaking  
  189  13:01  Viking, Ghost  
  192  13:09  Ghost  
  187  13:14  Ghost  
  187  13:18  SCV  
  187  13:19  Ghost  
  192  13:25  SCV  
  188  13:30  Planetary Fortress, Ghost  
  188  13:32  Orbital Command  
  188  13:36  SCV  
  188  13:37  SCV, Ghost  
  183  13:42  Ghost  
  183  13:47  Concussive Shells, Ghost  
  180  13:51  SCV  
  180  13:52  SCV  
  179  13:56  SCV  
  179  13:57  Orbital Command  
  179  13:58  Ghost  
  179  14:02  Refinery  
  182  14:05  Refinery  
  182  14:06  Ghost  
  182  14:09  Siege Tank  
  187  14:10  Marine  
  187  14:11  SCV, Ghost  
  187  14:16  Ghost  
  187  14:22  Missile Turret  
  187  14:27  Ghost  
  186  14:34  Ghost  
  184  14:39  Ghost  
  184  14:41  Siege Tank  
  184  14:44  Ghost  
  189  14:48  Medivac  
  189  14:49  Marine x3, Widow Mine  
  189  14:50  Marine  
  189  14:51  Marine x3  
  194  14:56  Ghost  
  194  14:57  Command Center  
  196  15:03  Ghost  
  196  15:04  Sensor Tower  
  198  15:08  Ghost  
  200  15:21  Marine x2, Widow Mine  
  186  15:23  Marine x2, Medivac  
  182  15:29  Marine  
  182  15:30  Marine x3  
  182  15:31  Widow Mine, Ghost x2  
  182  15:32  Marine  
  182  15:33  Widow Mine  
  182  15:35  Medivac  
  189  15:37  Marine  
  189  15:39  Marine x2  
  189  15:41  Marine  
  187  15:44  SCV  
  187  15:49  Ghost  
  175  15:52  SCV  
  175  15:53  SCV  
  175  15:54  SCV  
  175  15:55  Ghost  
  182  15:59  Marine x2, Widow Mine x2, Ghost x2  
  182  16:00  Marine  
  182  16:01  Marine, SCV  
  182  16:03  Widow Mine  
  193  16:18  Ghost  
  193  16:20  Marine, SCV, Widow Mine  
  193  16:23  Ghost  
  199  16:29  Marine  
  199  16:32  Terran Vehicle And Ship Armor Level 2  
  200  16:35  Enhanced Shockwaves  
  200  16:37  Sensor Tower  
  200  16:38  Missile Turret  
  199  16:44  Planetary Fortress  
  196  16:48  Ghost  
  196  16:53  Ghost  
  198  16:54  Marine  
  198  16:57  Widow Mine  
  195  17:01  Widow Mine  
  195  17:06  Marine, Widow Mine  
  195  17:07  Marine x4  
  194  17:20  Widow Mine  
  194  17:22  Medivac  
  188  17:23  Marine, Widow Mine, Marauder  
  188  17:26  Unknown  
  188  17:27  Command Center  
  188  17:28  Widow Mine  
  188  17:29  Command Center  
  195  17:36  Marine x3, Marauder  
  193  17:40  Marine  
  193  17:41  Widow Mine  
  196  17:44  Widow Mine  
  196  17:49  Widow Mine  
  196  17:51  Refinery  
  200  18:01  Hi-Sec Auto Tracking  
  200  18:10  Widow Mine  
  196  18:15  Ghost  
  196  18:16  Ghost  
  196  18:18  SCV x4  
  196  18:19  SCV x2  
  197  18:20  SCV x2  
  197  18:22  Widow Mine  
  197  18:30  SCV x3  
  197  18:33  Nuke  
  200  18:40  Command Center  
  200  18:46  SCV x2  
  200  18:48  SCV  
  194  18:51  SCV  
  194  18:52  Missile Turret  
  177  18:56  Widow Mine  
  177  18:58  Marine x2  
  177  18:59  Marine x2  
  177  19:01  SCV  
  177  19:02  Orbital Command  
  177  19:10  Marine x4, Widow Mine x2  
  177  19:11  Marine x2, Refinery, Marauder, Missile Turret x2  
  177  19:13  Refinery  
Tags
 
Add a new tag
Caveats
  • Supply blocks, unpowered buildings, or Contaminate may cause inaccurate times.
  • Supply counts are checked every 10 seconds.